 Dungeon Crawl Stone Soup version 0.24.0-37-gcf1ca852f1 (webtiles) character file.

Game seed: 9630750466652191235, levelgen mode: deterministic

294 Goreval the Digger (level 6, -1/33 HPs)
             Began as a Gargoyle Earth Elementalist on Nov 28, 2019.
             Was a Follower of Sif Muna.
             Killed by divine providence
             ... invoked by an orc priest
              (14 damage)
             ... on level 3 of the Dungeon.
             The game lasted 00:15:48 (3385 turns).

Goreval the Digger (Gargoyle Earth Elementalist)    Turns: 3385, Time: 00:15:49

Health: -1/33      AC:  7    Str: 12    XL:     6   Next: 33%
Magic:  9/11       EV: 12    Int: 17    God:    Sif Muna [*.....]
Gold:   51         SH:  0    Dex: 10    Spells: 6/12 levels left

rFire    . . .     SeeInvis .   (no weapon)
rCold    . . .     Gourm    .   (no shield)
rNeg     + . .     Faith    .   c - +0 robe
rPois    ∞         Spirit   .   (no helmet)
rElec    +         Reflect  .   (no cloak)
rCorr    .         Harm     .   b - +0 pair of gloves
MR       .....                  (no boots)
Stlth    ++........             (no amulet)
HPRegen  0.11/turn              (no ring)
MPRegen  0.12/turn              (no ring)

@: no status effects
A: negative energy resistance 1, electricity resistance, unbreathing,
petrification resistance, rot immunity, AC +4
a: Channel Magic, Renounce Religion


You were on level 3 of the Dungeon.
You worshipped Sif Muna.
Sif Muna was aware of your devotion.
You were not hungry.

You visited 1 branch of the dungeon, and saw 3 of its levels.

You collected 51 gold pieces.

Inventory:

Missiles
 i - 35 stones (quivered)
Armour
 b - a +0 pair of gloves (worn)
 c - a +0 robe (worn)
 j - a +0 helmet
Scrolls
 h - a scroll of random uselessness {unknown}
 k - a scroll of enchant weapon {unknown}
 l - a scroll of identify {unknown}
Potions
 e - a potion of magic {unknown}
 f - 2 potions of curing {@q1}
 g - a potion of brilliance {unknown}
Comestibles
 a - 3 chunks of flesh
 d - 5 rations {!d}


   Skills:
 + Level 0.9 Fighting
 - Level 1.5 Dodging
 - Level 2.1 Stealth
 + Level 3.6 Spellcasting
 * Level 1.1 Conjurations
 - Level 0.7 Transmutations
 * Level 6.9 Earth Magic


You had 6 spell levels left.
You knew the following spells:

 Your Spells              Type           Power        Failure   Level  Hunger
a - Sandblast             Erth           ####..       1%          1    None
b - Passwall              Tmut/Erth      ###.....     5%          2    ##.....
c - Stone Arrow           Conj/Erth      ###...       10%         3    ###....

Your spell library contained the following spells:

 Spells                   Type           Power        Failure   Level  Hunger
 Lee's Rapid Deconstruct  Erth           ####......   26%         5    ######.
 Petrify                  Tmut/Erth      ###.....     34%         4    ####...


Dungeon Overview and Level Annotations

Branches:
Dungeon (3/15)

Altars:
Elyvilon
Sif Muna


Innate Abilities, Weirdness & Mutations

You are resistant to torment.
Your stone body is resilient. (AC +4)
You are immune to poison.
You resist negative energy. (rN+)
You are resistant to electric shocks. (rElec)
You can survive without breathing.
You are immune to petrification.
You are immune to rotting.


Message History

Adjust which spell? c - Sandblast Adjust to which letter? a - Sandblast; c - Stone Arrow
Found a stone staircase leading down.
Aim: a hobgoblin, wielding a +0 club The blast of sand hits the hobgoblin!
You kill the hobgoblin!
Sif Muna accepts your kill.
i - 34 stones The orc priest shouts!
The orc priest calls down the wrath of Beogh upon you.
Beogh smites you!
i - 35 stones (gained 1)
You see here a +0 spear.
The orc priest calls down the wrath of Beogh upon you.
Beogh smites you!
The orc priest invokes the aid of Beogh against you.
Beogh smites you!
You die...

....##...## .gg..........#..
.......... #..................)
.)...##.### #.........##........
..........# ............###....
...##.....# ...........# #..###
....)..o..#####..###..##.###[##
....#....o....#.# #.# #..#<.#
?...#......##...####.####.#)## ##
....##..##..##..@......##.[)####.
....##..###.###.###.##.#.........
...###..###..##.###.##....#.....(
(................##.#...[........
..............#.....#............
...............÷.).............(.
................#................
.<......>........................
.................................


You could see an orc priest.

Vanquished Creatures
  A water moccasin (D:2)
  An orc wizard (D:3)
  Robin (D:3)
  6 adders
  4 worms
  A dart slug (D:1)
  A leopard gecko (D:1)
  11 orcs
  2 giant cockroaches
  21 goblins
  5 hobgoblins
  2 jackals (D:1)
  3 kobolds
  4 bats
  A frilled lizard (D:2)
  A leopard gecko skeleton (D:3)
  4 rats
69 creatures vanquished.

Vanquished Creatures (others)
  A hobgoblin (D:2)
  A quokka (D:2)
2 creatures vanquished.

Grand Total: 71 creatures vanquished

Notes
Turn   | Place    | Note
-------+----------+-------------------------------------------
     0 | D:1      | Goreval the Gargoyle Earth Elementalist began the quest for
                  | the Orb.
     0 | D:1      | Reached XP level 1. HP: 10/10 MP: 3/3
   136 | D:1      | Reached skill level 4 in Earth Magic
   172 | D:1      | Reached XP level 2. HP: 13/15 MP: 3/5
   241 | D:1      | Learned a level 2 spell: Passwall
   903 | D:2      | Reached XP level 3. HP: 19/19 MP: 3/6
   982 | D:2      | Found a white marble altar of Elyvilon.
  1027 | D:2      | Reached skill level 5 in Earth Magic
  1383 | D:2      | Found a shimmering blue altar of Sif Muna.
  1388 | D:2      | Became a worshipper of Sif Muna the Loreminder
  1436 | D:2      | Reached XP level 4. HP: 24/24 MP: 5/8
  1903 | D:3      | Noticed a water moccasin
  1943 | D:2      | Killed a water moccasin
  1943 | D:2      | Reached skill level 6 in Earth Magic
  1943 | D:2      | Reached XP level 5. HP: 11/28 MP: 0/10
  2161 | D:2      | Learned a level 3 spell: Stone Arrow
  2424 | D:3      | Noticed Robin
  2598 | D:3      | Killed Robin
  2598 | D:3      | Reached XP level 6. HP: 32/32 MP: 1/11
  2682 | D:3      | Reached * piety under Sif Muna
  3207 | D:3      | Reached skill level 1 in Conjurations
  3385 | D:3      | Killed from afar by an orc priest

Levels and vault maps discovered:
D:1:      wander_arrival_chamber, layout_loops_ring,
          kennysheep_decorative_pillar
D:2:      layout_loops_ring, lemuel_blue_sif_altar, elyvilon_altar_4
D:3:      layout_rooms, uniq_robin

Skill      XL: |  1  2  3  4  5  6 |
---------------+-------------------+-----
Earth Magic    | 4 5 6 |  6.9
Spellcasting   | 3 |  3.6
Conjurations   | 1 |  1.1
Fighting       | |  0.9
Dodging        | |  1.5
Stealth        | |  2.1
Transmutations | |  0.7

Action                   |  1- 3 |  4- 6 || total
-------------------------+-------+-------++-------
Melee: Unarmed           |     1 |    14 ||    15
 Cast: Sandblast         |    44 |    28 ||    72
       Passwall          |     1 |       ||     1
       Stone Arrow       |       |    40 ||    40
  Use: Potion            |       |     1 ||     1
  Eat: Chunk             |     2 |    10 ||    12
Armor: Robe              |    10 |    23 ||    33
Dodge: Dodged            |    19 |    54 ||    73
